[Event "9th Sharjah Cup Women 2018"]
[Site "Sharjah"]
[Date "2018.12.19"]
[Round "8"]
[White "Szczepkowska, Karina"]
[Black "Bulmaga, Irina"]
[Result "1/2-1/2"]
[ECO "D41"]
[WhiteElo "2408"]
[BlackElo "2391"]
[Annotator "ChessBase"]
[PlyCount "61"]
[EventDate "2018.12.14"]
[EventType "swiss"]
[EventCountry "UAE"]
[SourceTitle "playchess.com"]
[Source "ChessBase"]
[SourceQuality "1"]
[TimeControl "5400+30"]

1. d4 Nf6 2. c4 e6 3. Nf3 d5 4. Nc3 c5 5. cxd5 Nxd5 6. e4 Nxc3 7. bxc3 cxd4 8. cxd4 Bb4+ 9. Bd2 Bxd2+ 10. Qxd2 O-O 11. Rc1 b6 12. Bd3 Bb7 13. O-O Nd7 14. Qe3 Nf6 15. Ne5 Qe7 16. f3 Rac8 17. Rxc8 Rxc8 18. Rc1 Rxc1+ 19. Qxc1 Ne8 20. Qc3 Qc7 21. Qxc7 Nxc7 22. Kf2 Kf8 23. Ke3 Ke7 24. g4 h6 25. Nc4 f6 26. h4 g5 27. h5 Bc6 28. Nd2 Ba4 29. Nb3 Bxb3 30. axb3 e5 31. d5 1/2-1/2

[Event "9th Sharjah Cup Women 2018"]
[Site "Sharjah"]
[Date "2018.12.19"]
[Round "8"]
[White "Mkrtchian, Lilit"]
[Black "Kulkarni Bhakti"]
[Result "1/2-1/2"]
[ECO "A14"]
[WhiteElo "2392"]
[BlackElo "2283"]
[Annotator "NA"]
[PlyCount "53"]
[EventDate "2018.12.14"]
[EventType "swiss"]
[EventCountry "UAE"]
[SourceTitle "playchess.com"]
[Source "ChessBase"]
[SourceQuality "1"]
[TimeControl "5400+30"]

1. c4 e6 2. g3 d5 3. Bg2 Nf6 4. Nf3 Be7 5. O-O O-O 6. Ne5 {[%emt 0:01:37] A14: English Opening: 1...e6 with b3 by White} (6. b3 c5 7. Bb2 b6 8. cxd5 Nxd5 9. d4 Bb7 10. dxc5 Bxc5 11. Nc3 Nd7 12. Nxd5 Bxd5 13. Qd3 Qe7 14. Rad1 Rfd8 15. Qc3 Nf6 16. Qe5 Rac8 17. Nh4 Bxg2 18. Rxd8+ Qxd8 19. Kxg2 {½-½ (45) So,W (2778)-Kramnik,V (2792) Paris 2018}) 6... d4 7. e3 c5 8. d3 Qc7 $146 ({Predecessor:} 8... Nfd7 9. exd4 cxd4 10. Nxd7 Nxd7 11. Nd2 e5 12. Re1 f6 13. Qc2 a5 {0-1 (39) Malakhatko,V (2540)-Xu,Y (2465) Runavik 2017}) 9. exd4 cxd4 10. Qe2 Nc6 11. Bf4 Bd6 12. Re1 Nd7 13. Nxd7 Bxd7 14. Bxd6 Qxd6 15. Nd2 Rae8 16. a3 e5 17. Ne4 Qg6 18. c5 Bg4 19. Qc2 Re7 20. Nd6 Qf6 21. b4 Bf3 22. Bxf3 Qxf3 23. Qe2 $16 Qd5 24. Qa2 Qf3 25. Qe2 Qd5 26. Qa2 Qf3 27. Qe2 1/2-1/2

[Event "9th Sharjah Cup Women 2018"]
[Site "Sharjah"]
[Date "2018.12.19"]
[Round "8"]
[White "Khukhashvili, Sopiko"]
[Black "Nguyen, Thi Mai Hung"]
[Result "1-0"]
[ECO "C02"]
[WhiteElo "2338"]
[BlackElo "2280"]
[Annotator "NA"]
[PlyCount "69"]
[EventDate "2018.12.14"]
[EventType "swiss"]
[EventCountry "UAE"]
[SourceTitle "playchess.com"]
[Source "ChessBase"]
[SourceQuality "1"]
[TimeControl "5400+30"]

1. e4 c5 2. c3 e6 3. d4 d5 4. e5 Nc6 5. Nf3 Qb6 6. a3 c4 7. Nbd2 Na5 8. g3 Bd7 9. h4 Ne7 10. Bh3 {[%emt 0:00:16] C02: French: Advance Variation} Qc7 (10... h6 11. h5 Nc8 12. O-O Qc7 13. Ne1 Nb6 14. Qe2 O-O-O 15. Ng2 Be7 16. Rb1 Rdg8 17. f4 g6 {0-1 (43) Svidler,P (2749)-Andreikin,D (2715) Moscow 2012}) 11. O-O Nc8 12. Ne1 {[%emt 0:12:28] LiveBook: 3 Games} Nb6 13. f4 g6 14. Rb1 Ba4 15. Qe2 Be7 $146 ({Predecessor:} 15... Nb3 16. Ndf3 Nxc1 17. Rxc1 O-O-O {1-0 (50) Nedostup,D (2223)-Favaloro,A (2116) Erice 2015}) 16. Ndf3 O-O-O 17. Ng5 Be8 $1 18. Bxe6+ fxe6 19. Nxe6 Qd7 20. f5 gxf5 21. Nxd8 Qxd8 22. Bf4 Rg8 23. Ng2 Kb8 24. Kh2 Ka8 25. e6 Nc6 26. a4 Na5 27. Rbe1 Bxa4 28. Rf2 $11 Nc6 29. Qh5 Rh8 30. Ne3 Nb8 31. Nxf5 Be8 32. Qh6 Nc6 33. Nxe7 Qxe7 34. Bg5 Qd6 35. Qg7 1-0

[Event "9th Sharjah Cup Women 2018"]
[Site "Sharjah"]
[Date "2018.12.19"]
[Round "8"]
[White "Gevorgyan, Irina"]
[Black "Abdulla, Khayala"]
[Result "1/2-1/2"]
[ECO "A04"]
[WhiteElo "2301"]
[BlackElo "2190"]
[Annotator "NA"]
[PlyCount "66"]
[EventDate "2018.12.14"]
[EventType "swiss"]
[EventCountry "UAE"]
[SourceTitle "playchess.com"]
[Source "ChessBase"]
[SourceQuality "1"]
[TimeControl "5400+30"]

1. Nf3 c5 2. c4 Nc6 3. Nc3 g6 4. e3 Nf6 5. d4 cxd4 6. exd4 d5 7. cxd5 Nxd5 8. Bc4 Nb6 9. Bb3 Bg7 10. Be3 O-O 11. O-O Bg4 12. h3 Bxf3 13. Qxf3 Nxd4 {[%emt 0:03:23] D94: Grünfeld: 4 Nf3 Bg7 5 e3} (13... Qd7 14. Rad1 Nxd4 15. Bxd4 Bxd4 16. Ne2 e5 17. Nxd4 exd4 18. Rd3 Rad8 19. Rfd1 Qe7 20. Rxd4 Rxd4 21. Rxd4 {½-½ (30) Smirin,I (2659)-Grischuk,A (2709) Rishon Le Ziyyon 2006}) 14. Qxb7 {[%emt 0:00:46] LiveBook: 4 Games} e5 15. Rad1 Qc8 $146 ({Predecessor:} 15... Qh4 16. Bxd4 exd4 17. Nb5 Qf4 18. g3 Qf5 19. Nxd4 Qxh3 20. Rfe1 Rad8 21. Nc6 Rxd1 22. Rxd1 {0-1 (53) Salvador Rey,M (2016)-Exposito Amaro,J (2436) Barcelona 2015}) 16. Qe4 Nxb3 17. axb3 Qe6 18. Bc5 Rfd8 19. b4 Qb3 {[%emt 0:01:30] [#]} 20. Qh4 ({White should play} 20. Rxd8+ $1 $16 Rxd8 21. Qb7) 20... Nd5 21. Ne4 $11 (21. Rd3 $14 h5 22. Re1) 21... h6 22. Rd2 g5 23. Qg4 Nf4 24. Rfd1 Rxd2 25. Rxd2 a5 26. bxa5 Qc4 27. Qf5 Ng6 28. g3 Rxa5 29. Ba3 Rd5 30. Rxd5 Qxd5 31. Bc5 Qb3 32. Ba3 Qd5 33. Bc5 Qb3 1/2-1/2

[Event "9th Sharjah Cup Women 2018"]
[Site "Sharjah"]
[Date "2018.12.19"]
[Round "8"]
[White "Gu, Xiaobing"]
[Black "Mona, Khaled"]
[Result "1-0"]
[ECO "C25"]
[WhiteElo "2295"]
[BlackElo "2158"]
[Annotator "NA"]
[PlyCount "49"]
[EventDate "2018.12.14"]
[EventType "swiss"]
[EventCountry "UAE"]
[SourceTitle "playchess.com"]
[Source "ChessBase"]
[SourceQuality "1"]
[TimeControl "5400+30"]

1. e4 e5 2. Nc3 Bc5 3. g3 Nf6 4. Bg2 Nc6 5. Nge2 d6 6. O-O a6 7. d3 Be6 8. h3 {[%emt 0:01:25] C26: Vienna Game: 2...Nf6, sidelines} (8. Nd5 Nd4 9. Nxd4 Bxd4 10. c3 Ba7 11. d4 c6 12. Nxf6+ Qxf6 13. Be3 O-O 14. f4 exd4 15. cxd4 Rfe8 {½-½ (33) Bachmann,A (2593)-Ragger,M (2698) Berlin 2015}) 8... h6 9. Kh2 d5 10. f4 (10. exd5 $1 $14 Nxd5 11. f4) 10... dxe4 ({Better is} 10... d4 $1 $15 11. Na4 Ba7) 11. fxe5 $146 ({Predecessor:} 11. Nxe4 Nxe4 12. Bxe4 Qd7 13. f5 Bd5 14. Nc3 Bxe4 15. Nxe4 {½-½ (25) Wilde,D (2175)-Hamann,C Bad Segeberg 2000}) 11... Nxe5 12. Nxe4 Nxe4 13. Bxe4 Nc6 14. Nf4 O-O 15. Qh5 Qe7 16. Bd2 Bd6 (16... Bd4 $142 17. c3 Be5 18. Nxe6 Qxe6) 17. Nxe6 Qxe6 18. Rae1 Qxa2 19. Bxh6 Qa5 20. Bd5 gxh6 21. Qg6+ Kh8 22. Qxh6+ Kg8 23. Qg5+ Kh8 {[%emt 0:00:16] [#]} 24. Rf6 $1 Bxg3+ 25. Kg2 1-0

[Event "9th Sharjah Cup Women 2018"]
[Site "Sharjah"]
[Date "2018.12.19"]
[Round "8"]
[White "Kiolbasa, Oliwia"]
[Black "Shanya Mishra"]
[Result "1-0"]
[ECO "B47"]
[WhiteElo "2244"]
[BlackElo "1978"]
[Annotator "NA"]
[PlyCount "37"]
[EventDate "2018.12.14"]
[EventType "swiss"]
[EventCountry "UAE"]
[SourceTitle "playchess.com"]
[Source "ChessBase"]
[SourceQuality "1"]
[TimeControl "5400+30"]

1. e4 c5 2. Nf3 e6 3. d4 cxd4 4. Nxd4 Nc6 5. Nc3 Qc7 6. Be2 a6 7. O-O b5 8. Nxc6 dxc6 9. a4 Rb8 10. axb5 cxb5 11. e5 Bb7 12. Nxb5 axb5 13. Bxb5+ Bc6 14. Ra7 Qc8 15. Qf3 $1 {[%emt 0:02:07] Double Attack} Be7 16. Bxc6+ Kf8 17. Rd1 f5 18. Rdd7 h6 $18 19. b3 1-0

[Event "9th Sharjah Cup Women 2018"]
[Site "Sharjah"]
[Date "2018.12.19"]
[Round "8"]
[White "Stetsko, Lanita"]
[Black "Novikova, Margarita"]
[Result "1-0"]
[ECO "B01"]
[WhiteElo "2194"]
[BlackElo "2017"]
[Annotator "NA"]
[PlyCount "101"]
[EventDate "2018.12.14"]
[EventType "swiss"]
[EventCountry "UAE"]
[SourceTitle "playchess.com"]
[Source "ChessBase"]
[SourceQuality "1"]
[TimeControl "5400+30"]

1. e4 d5 2. exd5 Qxd5 3. Nc3 Qd6 4. d4 Nf6 5. Nf3 Bf5 6. g3 c6 7. Bg2 e6 8. O-O Qc7 9. Ne5 Nbd7 10. Nc4 Nb6 11. Bf4 Qd8 12. Ne3 Bg6 13. Re1 Be7 14. Be5 O-O 15. h4 h6 16. Ng4 Nxg4 17. Qxg4 Bf6 18. Be4 Bh7 $14 19. Bxh7+ Kxh7 20. Ne4 Nd7 21. Rad1 Qa5 22. Bd6 Rfe8 23. a3 Be7 24. Qf4 Kg8 25. Re3 Qh5 26. Rde1 Bxd6 27. Nxd6 Rf8 28. Nxb7 Rab8 29. Rb3 Qd5 30. Nc5 e5 31. Qe4 Qxe4 32. Rxe4 Nxc5 33. dxc5 Rxb3 34. cxb3 Rb8 35. Rxe5 Rxb3 36. Re8+ Kh7 37. Rc8 Rxb2 38. Rxc6 a5 39. Ra6 Rb5 40. c6 Rc5 41. Kf1 Rc3 42. a4 Rc4 43. Ke2 Rxa4 44. Kd3 Ra1 45. Kc4 Kg8 46. Kb5 Rb1+ 47. Kxa5 Kh7 48. c7 Rc1 49. Kb6 Rb1+ 50. Ka7 Rc1 51. Kb7 1-0

[Event "9th Sharjah Cup Women 2018"]
[Site "Sharjah"]
[Date "2018.12.19"]
[Round "8"]
[White "Berke, Ana"]
[Black "Enkhtuul, Altan-Ulzii"]
[Result "1-0"]
[ECO "B03"]
[WhiteElo "2151"]
[BlackElo "2267"]
[Annotator "NA"]
[PlyCount "137"]
[EventDate "2018.12.14"]
[EventType "swiss"]
[EventCountry "UAE"]
[SourceTitle "playchess.com"]
[Source "ChessBase"]
[SourceQuality "1"]
[TimeControl "5400+30"]

1. e4 Nf6 2. e5 Nd5 3. d4 d6 4. c4 Nb6 5. exd6 exd6 6. Nc3 Be7 7. Bd3 Nc6 8. Nge2 Bf6 {[%emt 0:01:37] B03: Alekhine's Defence: Four Pawns Attack} 9. Be3 O-O 10. b3 Bg4 11. O-O Re8 12. Qd2 Bxe2 13. Bxe2 {[%emt 0:00:23] LiveBook: 4 Games} d5 14. c5 Nc8 15. Rfe1 N8e7 16. Bg4 {[%emt 0:00:52] [#]} Ng6 $146 17. g3 a6 18. Rad1 Nf8 19. Bf3 Ne7 20. Bg5 Bxg5 21. Qxg5 c6 22. Bg4 h6 23. Qd2 Qc7 24. Re2 Nh7 25. Rde1 Nf6 26. Bh3 Rad8 27. b4 g5 28. a4 Kg7 29. b5 $14 axb5 30. axb5 g4 31. Bg2 Qd7 32. Qd3 Ng6 33. b6 Rxe2 34. Rxe2 Ra8 35. Ra2 Qe8 36. Rxa8 Qxa8 37. h3 Qa1+ 38. Kh2 h5 39. Qe3 h4 40. Ne2 Qe1 41. gxh4 Nxh4 42. Ng3 Nxg2 43. Qg5+ Kf8 44. Qxf6 gxh3 45. Nf5 Ke8 46. Nd6+ Kd7 47. Qxf7+ Qe7 48. Qxe7+ Kxe7 49. Nxb7 Nf4 50. Na5 Kd7 51. Nb3 Nd3 52. f3 Nf4 53. Na1 Kc8 54. Nc2 Kb8 55. Ne3 Kc8 56. Nf5 Kd7 57. Kg3 Ne6 58. Kxh3 Ng5+ 59. Kg4 Nf7 60. Kf4 Nh8 61. Kg5 Nf7+ 62. Kf6 Nd8 63. Nd6 Ne6 64. b7 Kc7 65. Kxe6 Kb8 66. f4 Kc7 67. f5 Kb8 68. f6 Ka7 69. f7 1-0

[Event "9th Sharjah Cup Women 2018"]
[Site "Sharjah"]
[Date "2018.12.19"]
[Round "8"]
[White "Ovezdurdiyeva, Jemal"]
[Black "Zozulia, Anna"]
[Result "0-1"]
[ECO "A50"]
[WhiteElo "2114"]
[BlackElo "2270"]
[Annotator "NA"]
[PlyCount "80"]
[EventDate "2018.12.14"]
[EventType "swiss"]
[EventCountry "UAE"]
[SourceTitle "playchess.com"]
[Source "ChessBase"]
[SourceQuality "1"]
[TimeControl "5400+30"]

1. d4 Nf6 2. c4 Nc6 3. Nf3 d6 4. Nc3 g6 {[%emt 0:09:53] LiveBook: 14 Games} 5. Bg5 Bg7 6. e3 O-O 7. Bd3 h6 8. Bh4 e5 9. dxe5 dxe5 10. O-O Be6 11. Qe2 Qe8 12. Bxf6 Bxf6 13. Nd5 Bd8 14. e4 $15 Bg4 15. Qe3 Kg7 16. h3 Bxf3 17. Qxf3 Nd4 18. Qg3 c6 19. Ne3 Bg5 20. Nc2 Bf4 21. Qg4 h5 22. Qd1 Ne6 23. b4 Qe7 24. g3 Rfd8 25. Qe2 h4 26. g4 Bh2+ 27. Kxh2 Nf4 28. Qe1 Rxd3 29. Ne3 Rad8 30. Rd1 Rxd1 31. Nxd1 Nd3 32. Qe3 Qxb4 33. Qxa7 Qxc4 34. Qxb7 Qxe4 35. Qe7 Nf4 36. Ne3 Rd2 37. Qc5 Qf3 38. Qxe5+ Kh7 39. Qe7 Qxh3+ 40. Kg1 Ne2# 0-1

[Event "9th Sharjah Cup Women 2018"]
[Site "Sharjah"]
[Date "2018.12.19"]
[Round "8"]
[White "Asatryan, Sona"]
[Black "Babayan, Armine"]
[Result "1/2-1/2"]
[ECO "B47"]
[WhiteElo "2089"]
[BlackElo "2189"]
[Annotator "NA"]
[PlyCount "105"]
[EventDate "2018.12.14"]
[EventType "swiss"]
[EventCountry "UAE"]
[SourceTitle "playchess.com"]
[Source "ChessBase"]
[SourceQuality "1"]
[TimeControl "5400+30"]

1. e4 c5 2. Nc3 e6 3. Nf3 Nc6 4. d4 cxd4 5. Nxd4 Qc7 6. g3 a6 7. Bg2 Nf6 8. O-O Be7 9. Re1 d6 10. Nxc6 bxc6 11. e5 dxe5 12. Rxe5 Nd5 13. Nxd5 cxd5 14. Qe2 Bb7 15. c4 dxc4 16. Bxb7 Qxb7 17. Qxc4 $11 O-O 18. Qe4 Qxe4 19. Rxe4 Bf6 20. Rb1 Rfb8 21. h4 h6 22. b3 a5 23. Bb2 Be7 24. Rd1 Rb7 25. Bc3 Rc7 26. Rd3 Rc5 27. Ra4 Rb5 28. Rd7 Bf8 29. Kg2 h5 30. Rdd4 Bc5 31. Rdc4 Ra7 32. Rxc5 Rxc5 33. Bd4 Rac7 34. Bxc5 Rxc5 35. Rd4 Rf5 36. Rd8+ Kh7 37. a4 Kg6 38. Rb8 Kf6 39. Rb6 Ke7 40. Kf1 Kd7 41. b4 Kc7 42. bxa5 Rxa5 43. Rb4 Re5 44. Rf4 f6 45. Kg2 Kb6 46. g4 Ka5 47. Kg3 Rd5 48. gxh5 Rxh5 49. Re4 g5 50. hxg5 Rxg5+ 51. Kf3 e5 52. Ke3 Rh5 53. f4 1/2-1/2

[Event "9th Sharjah Cup Women 2018"]
[Site "Sharjah"]
[Date "2018.12.19"]
[Round "8"]
[White "Soyunlu, Narmin"]
[Black "Samaganova, Alexandra"]
[Result "0-1"]
[ECO "E24"]
[WhiteElo "2078"]
[BlackElo "2038"]
[Annotator "NA"]
[PlyCount "98"]
[EventDate "2018.12.14"]
[EventType "swiss"]
[EventCountry "UAE"]
[SourceTitle "playchess.com"]
[Source "ChessBase"]
[SourceQuality "1"]
[TimeControl "5400+30"]

1. d4 Nf6 2. c4 e6 3. Nc3 Bb4 4. a3 Bxc3+ 5. bxc3 b6 6. f3 d5 7. cxd5 exd5 8. e3 O-O 9. Bd3 Bb7 10. Ne2 Re8 11. O-O Nbd7 12. Ng3 c5 {[%emt 0:11:02] E48: Nimzo-Indian: Rubinstein: 5 Bd3 d5 including 6 Ne2, but excluding 6 a3} 13. Re1 (13. Ra2 Nf8 14. Re2 Bc6 15. Bb2 Ne6 16. Ref2 h5 17. Re1 g6 18. Bb1 h4 19. Nf1 {½-½ (32) Macedo,M (2410)-Santiago,Y (2363) Fortaleza 2012}) 13... Qc7 14. Bb2 $146 ({Predecessor:} 14. Ra2 Rad8 15. e4 dxe4 16. fxe4 h6 17. e5 Nd5 18. Nf5 Nf8 19. Rf2 cxd4 20. cxd4 Re6 21. Ref1 Ng6 22. Bxh6 gxh6 23. Nxh6+ Kg7 24. Rxf7+ Kxh6 25. Rxc7 Nxc7 26. Qc1+ {1-0 (26) Wilson,J (2245)-Pickersgill,A (2105) Hastings 1995}) 14... h5 15. e4 c4 16. Bc2 h4 17. Nf5 dxe4 18. fxe4 g6 19. e5 $11 gxf5 20. exf6 Nxf6 21. Bxf5 Qf4 22. Qc2 Ng4 23. Bxg4 Qxg4 24. h3 Qg5 25. Rad1 Bf3 26. Ra1 Bh5 27. Qf2 Bg6 28. Bc1 Qh5 29. Bf4 Be4 30. Be5 Qg6 31. Re2 f5 32. Qxh4 Rad8 33. Rxe4 fxe4 34. Qh8+ Kf7 35. Rf1+ Ke7 36. Qh4+ Kd7 37. Rf6 Qg8 38. Qxe4 Re6 39. Qb7+ Ke8 40. Qxa7 Rxf6 41. Bxf6 Rd7 42. Qxb6 Qd5 43. Qb8+ Kf7 44. Qf4 Rb7 45. Qf2 Rb1+ 46. Kh2 Qb7 47. Bg5+ Ke8 48. Qe2+ Kf8 49. Qxc4 Qb8+ 0-1

[Event "9th Sharjah Cup Women 2018"]
[Site "Sharjah"]
[Date "2018.12.19"]
[Round "8"]
[White "Kejzar, Petra"]
[Black "Patil, Mitali"]
[Result "1-0"]
[ECO "C63"]
[WhiteElo "2062"]
[BlackElo "2081"]
[Annotator "NA"]
[PlyCount "63"]
[EventDate "2018.12.14"]
[EventType "swiss"]
[EventCountry "UAE"]
[SourceTitle "playchess.com"]
[Source "ChessBase"]
[SourceQuality "1"]
[TimeControl "5400+30"]

1. e4 e5 2. Nf3 Nc6 3. Bb5 f5 4. d3 d6 5. Nbd2 Nf6 6. exf5 Bxf5 7. Nf1 Be7 8. Ng3 Bg6 9. h4 h5 10. Bg5 Qd7 11. Qd2 O-O-O 12. O-O-O Bf7 13. Rhe1 Bd5 14. Ne4 a6 15. Ba4 Qg4 16. Nc3 $15 Nb4 17. a3 Qxg2 18. Nxe5 dxe5 19. axb4 Bf3 20. Rg1 Qh2 21. Rde1 Bxb4 22. Qe3 Bd5 23. Qa7 c6 24. f4 Rhe8 25. Re2 Qh3 26. Bxf6 gxf6 27. Nxd5 Qf3 28. Qa8+ Kd7 29. Qxb7+ Ke6 30. Qxc6+ Bd6 31. Nc7+ Kf7 32. Qxf3 1-0

[Event "9th Sharjah Cup Women 2018"]
[Site "Sharjah"]
[Date "2018.12.19"]
[Round "8"]
[White "Boshra, Alshaeby"]
[Black "Rouda Essa, Alserkal"]
[Result "1-0"]
[ECO "E65"]
[WhiteElo "2019"]
[BlackElo "1525"]
[Annotator "NA"]
[PlyCount "47"]
[EventDate "2018.12.14"]
[EventType "swiss"]
[EventCountry "UAE"]
[SourceTitle "playchess.com"]
[Source "ChessBase"]
[SourceQuality "1"]
[TimeControl "5400+30"]

1. d4 Nf6 2. c4 g6 3. Nc3 Bg7 4. g3 O-O 5. Bg2 d6 6. Nf3 c5 7. O-O Nbd7 8. d5 Rb8 9. h3 a6 10. a4 Qc7 11. e4 Rd8 12. Bg5 h6 13. Be3 Kh7 14. Qc2 $16 Rf8 15. Nd2 Qd8 16. Kh2 Ne8 17. f4 Nc7 18. e5 dxe5 19. f5 Rg8 20. fxg6+ fxg6 21. Qxg6+ Kh8 22. Be4 Nf6 23. Rxf6 Bxf6 24. Qh7# 1-0

[Event "9th Sharjah Cup Women 2018"]
[Site "Sharjah"]
[Date "2018.12.19"]
[Round "8"]
[White "Bauyrzhan, Arnash"]
[Black "Drljevic, Ljilja"]
[Result "1-0"]
[ECO "B06"]
[WhiteElo "1978"]
[BlackElo "2208"]
[Annotator "NA"]
[PlyCount "149"]
[EventDate "2018.12.14"]
[EventType "swiss"]
[EventCountry "UAE"]
[SourceTitle "playchess.com"]
[Source "ChessBase"]
[SourceQuality "1"]
[TimeControl "5400+30"]

1. e4 g6 2. d4 Bg7 3. Nf3 d6 4. Bd3 c6 5. O-O e5 {[%emt 0:00:29] B06: Modern Defence} (5... Nf6 6. c3 O-O 7. Re1 Qc7 8. e5 Nd5 9. Nbd2 Nd7 10. exd6 exd6 11. Ne4 h6 12. Bd2 Kh7 13. Qc2 a5 14. Ng3 N7f6 15. h4 {0-1 (97) Froewis,G (2451)-Gazik,V (2497) Vienna 2018}) 6. c3 Ne7 7. Nbd2 O-O 8. a4 h6 9. dxe5 dxe5 10. Nc4 Qc7 11. a5 Be6 {[%emt 0:02:51] [#]} (11... Na6 $16 {is a better defense.}) 12. Nb6 $1 $146 Nd7 13. Nxa8 Rxa8 14. Be3 f5 15. Qe2 f4 (15... fxe4 {was worth a try.} 16. Bxe4 Nf6) 16. Bc4 Bxc4 17. Qxc4+ Kh7 18. Bc5 Nxc5 19. Qxc5 g5 20. h3 Ng6 21. Rfd1 Bf8 22. Qc4 Re8 23. Rd2 Bg7 24. b4 a6 25. Rad1 Nf8 26. Qc5 Bf6 27. Rd6 Qg7 $18 28. R6d2 h5 29. Nh2 Re7 30. Qc4 Ng6 31. Qe2 Kh6 32. Rd6 Rf7 33. R1d3 Qf8 34. Rd7 Qe8 35. Qd1 Nf8 36. Rxf7 Qxf7 37. Rd6 Kg6 38. Qc2 Qc4 39. Nf3 Kg7 40. Nd2 Qf7 41. Qb3 Qe7 42. Rd3 g4 43. hxg4 hxg4 44. Qd1 Qe6 45. Nf1 Bh4 46. Rd6 Qc8 47. Nh2 f3 48. gxf3 g3 49. fxg3 Bxg3 50. Ng4 c5 51. Qd2 Bf4 52. Qg2 Kf7 53. Qa2+ Ke7 54. Rf6 Ne6 55. Qc4 Qc6 56. Qd5 cxb4 57. Qxc6 bxc6 58. cxb4 Bd2 59. Rf5 Bxb4 60. Nxe5 Nd4 61. Rh5 Ke6 62. Kf2 Bd2 63. Nd3 Nc2 64. f4 Kd6 65. Ke2 Bc3 66. Rc5 Nd4+ 67. Ke3 Ba1 68. e5+ Kc7 69. Nb4 Kb7 70. Ke4 Bb2 71. f5 Nb5 72. Rxc6 Bc3 73. Rxa6 Nd4 74. Rb6+ Ka7 75. Nc6+ 1-0

[Event "9th Sharjah Cup Women 2018"]
[Site "Sharjah"]
[Date "2018.12.19"]
[Round "8"]
[White "Greibrokk, Ingrid"]
[Black "Mohammed, Ghalia"]
[Result "1-0"]
[ECO "C78"]
[WhiteElo "1857"]
[BlackElo "1201"]
[Annotator "NA"]
[PlyCount "45"]
[EventDate "2018.12.14"]
[EventType "swiss"]
[EventCountry "UAE"]
[SourceTitle "playchess.com"]
[Source "ChessBase"]
[SourceQuality "1"]
[TimeControl "5400+30"]

1. e4 e5 2. Nf3 Nc6 3. Bb5 a6 4. Ba4 Nf6 5. O-O b5 6. Bb3 Bc5 7. Re1 O-O 8. c3 Ng4 9. Re2 d6 10. h3 Nf6 11. d4 exd4 12. cxd4 Bb6 13. Bg5 Re8 14. Nc3 Qd7 15. Bxf6 gxf6 16. Nd5 Qd8 17. Nxb6 cxb6 18. Bd5 Bb7 19. Nh4 Rc8 20. Nf5 Rf8 21. Re3 Rc7 22. Qg4+ Kh8 23. Qg7# 1-0

[Event "9th Sharjah Cup Women 2018"]
[Site "Sharjah"]
[Date "2018.12.19"]
[Round "8"]
[White "Khalil, Reem"]
[Black "Mezioud, Amina"]
[Result "0-1"]
[ECO "C25"]
[WhiteElo "1297"]
[BlackElo "2065"]
[Annotator "NA"]
[PlyCount "86"]
[EventDate "2018.12.14"]
[EventType "swiss"]
[EventCountry "UAE"]
[SourceTitle "playchess.com"]
[Source "ChessBase"]
[SourceQuality "1"]
[TimeControl "5400+30"]

1. e4 e5 2. Nc3 Bc5 3. g3 Nf6 4. Bg2 d6 5. Nge2 Nc6 6. Na4 Bb6 7. Nxb6 axb6 8. c3 O-O 9. O-O Re8 10. d3 h6 11. h3 Be6 12. a4 Na5 13. Be3 Qd7 14. Kh2 Bb3 15. Qe1 Bxa4 16. f4 Nb3 17. Ra3 $11 Nc5 18. Qd2 Bc6 19. Rxa8 Rxa8 20. fxe5 dxe5 21. Bxh6 Nh7 22. Be3 Qxd3 23. Rd1 Qxd2 24. Rxd2 Nb3 25. Rd1 Nf6 26. Bg5 Nd7 27. g4 Ra2 28. Bd8 Rxb2 29. Ng3 Nbc5 30. Kg1 Ne6 31. Nf5 Kh7 32. Bh4 Nf4 33. Bf1 Nc5 34. Ng3 f6 35. Nf5 Nxe4 36. c4 Nd2 37. Bg3 Nf3+ 38. Kh1 Ng5+ 39. Kg1 Ngxh3+ 40. Bxh3 Nxh3+ 41. Kf1 Bg2+ 42. Ke1 Bf3 43. Rd7 Rb1+ 0-1

[Event "9th Sharjah Cup Women 2018"]
[Site "Sharjah"]
[Date "2018.12.19"]
[Round "8"]
[White "Khalil, Hanan"]
[Black "Alieva, Alexandra"]
[Result "0-1"]
[ECO "C42"]
[WhiteElo "1286"]
[BlackElo "2102"]
[Annotator "NA"]
[PlyCount "60"]
[EventDate "2018.12.14"]
[EventType "swiss"]
[EventCountry "UAE"]
[SourceTitle "playchess.com"]
[Source "ChessBase"]
[SourceQuality "1"]
[TimeControl "5400+30"]

1. e4 e5 2. Nf3 Nf6 3. Nc3 Bb4 4. Bc4 Nxe4 5. Nxe4 d5 6. Bb3 dxe4 7. Nxe5 Qg5 8. Bxf7+ Kd8 9. Nc4 Qxg2 10. Rf1 Bg4 11. Ne3 Qxf1+ 12. Nxf1 Bxd1 13. Kxd1 Rf8 14. Bd5 Nc6 15. Ke1 Kd7 $19 16. Ne3 Rae8 17. c3 Bc5 18. b4 Bxe3 19. dxe3 Rf5 20. Bc4 Ne5 21. Bf1 Nf3+ 22. Ke2 Ref8 23. Ba3 Ng1+ 24. Ke1 Rxf2 25. Rd1+ Kc8 26. Bc4 Rxh2 27. Be6+ Kb8 28. b5 Nf3+ 29. Kf1 Nd2+ 30. Kg1 Rff2 0-1

[Event "9th Sharjah Cup Women 2018"]
[Site "Sharjah"]
[Date "2018.12.19"]
[Round "8"]
[White "Almaamari, Zainab Darwish"]
[Black "Nass, Sara"]
[Result "0-1"]
[ECO "E76"]
[WhiteElo "1235"]
[BlackElo "1840"]
[Annotator "NA"]
[PlyCount "50"]
[EventDate "2018.12.14"]
[EventType "swiss"]
[EventCountry "UAE"]
[SourceTitle "playchess.com"]
[Source "ChessBase"]
[SourceQuality "1"]
[TimeControl "5400+30"]

1. d4 Nf6 2. c4 g6 3. Nc3 Bg7 4. e4 d6 5. f4 O-O 6. Bd3 c5 7. d5 e6 8. Nge2 Re8 9. h3 exd5 10. cxd5 a6 11. g4 b5 12. Ng3 Bb7 13. O-O Nbd7 14. g5 Nh5 15. Nxh5 gxh5 16. Qxh5 c4 17. Bc2 b4 18. Ne2 Nc5 19. Ng3 Nd3 20. Nf5 Rxe4 21. Nxg7 Kxg7 22. Bxd3 cxd3 23. Qf3 Qb6+ 24. Kh2 Re2+ 25. Kh1 Qd4 0-1

[Event "9th Sharjah Cup Women 2018"]
[Site "Sharjah"]
[Date "2018.12.20"]
[Round "9"]
[White "Socko, Monika"]
[Black "Kiolbasa, Oliwia"]
[Result "1-0"]
[ECO "A50"]
[WhiteElo "2458"]
[BlackElo "2244"]
[Annotator "ChessBase"]
[PlyCount "115"]
[EventDate "2018.12.14"]
[EventType "swiss"]
[EventCountry "UAE"]
[SourceTitle "playchess.com"]
[Source "ChessBase"]
[SourceQuality "1"]
[TimeControl "5400+30"]

1. c4 b6 2. d4 Nf6 3. f3 Nc6 4. d5 Ne5 5. Qd4 Ng6 6. e4 e5 7. Qf2 Bc5 8. Be3 d6 9. Bxc5 bxc5 10. Nc3 Rb8 11. g3 h5 12. h4 O-O 13. Bd3 c6 14. Qd2 Ba6 15. dxc6 Ne7 16. Nge2 Nxc6 17. O-O Re8 18. b3 Nd4 19. Rae1 Qd7 20. Qg5 Qh3 21. Rf2 Ne6 22. Qd2 Nd4 23. Nxd4 exd4 24. Ne2 Qd7 25. Nf4 g6 26. Bf1 Qc7 27. Bg2 Kg7 28. Rfe2 Re7 29. Nd3 Rbe8 30. Qf4 Nd7 31. Qg5 Kh7 32. Qd2 Kg7 33. f4 Nf6 34. f5 Nh7 35. Nf4 Re5 36. Nd5 Qd8 37. Rf2 gxf5 38. Ref1 Bc8 39. exf5 Rg8 40. Kh2 Kh8 41. f6 Rg4 42. Bh3 Qd7 43. Bxg4 Qxg4 44. Qf4 Qh3+ 45. Kg1 Bb7 46. Rh2 Qc8 47. Rhf2 Qf8 48. Kh2 Bc8 49. b4 Be6 50. bxc5 Bxd5 51. cxd5 Rxd5 52. c6 Rc5 53. Qe4 d5 54. Qxd4 Rxc6 55. Rf5 Rc2+ 56. R1f2 Rxf2+ 57. Qxf2 Qh6 58. Qxa7 1-0